 Dungeon Crawl Stone Soup version 0.24.0-37-gcf1ca852f1 (webtiles) character file.

Game seed: 16002903834592451929, levelgen mode: deterministic

130 Mrkan the Ruffian (level 4, -2/40 HPs)
             Began as a Troll Monk on Nov 25, 2019.
             Slain by Grinder (5 damage)
             ... on level 3 of the Dungeon.
             The game lasted 00:03:10 (1331 turns).

Mrkan the Ruffian (Troll Monk)                      Turns: 1331, Time: 00:03:11

Health: -2/40      AC:  8    Str: 19    XL:     4   Next: 89%
Magic:  3/3        EV: 12    Int:  7    God:
Gold:   99         SH:  0    Dex: 12    Spells: 3/3 levels left

rFire    . . .     SeeInvis .     - Unarmed
rCold    . . .     Gourm    +   (no shield)
rNeg     . . .     Faith    .   a - +0 robe
rPois    .         Spirit   .   (helmet restricted)
rElec    .         Reflect  .   (no cloak)
rCorr    .         Harm     .   (gloves unavailable)
MR       .....                  (boots unavailable)
Stlth    ++........             (no amulet)
HPRegen  0.53/turn              (no ring)
MPRegen  0.08/turn              (no ring)

@: lethally poisoned (-2 -> -2)
A: large, unfitting armour, claws 3, repulsion field 1, molten scales 1, fast
metabolism 3, frail 1, gourmand, regeneration 1, shaggy fur 1, tough skin 3
a: no special abilities


You were on level 3 of the Dungeon.
You were completely stuffed.

You visited 1 branch of the dungeon, and saw 3 of its levels.

You collected 99 gold pieces.

Inventory:

Missiles
 k - a stone (quivered)
Armour
 a - a +0 robe (worn)
Scrolls
 c - 2 scrolls of teleportation {unknown}
 d - 5 scrolls of identify {unknown}
 e - a scroll of fog {unknown}
 g - a scroll of enchant weapon {unknown}
 i - 2 scrolls of remove curse {unknown}
Potions
 f - 2 potions of mutation
 h - a potion of heal wounds {unknown}
Comestibles
 b - 5 rations
 j - 8 chunks of flesh


   Skills:
 + Level 3.3 Fighting
 - Level 2.4 Dodging
 - Level 1.0 Stealth
 * Level 4.9 Unarmed Combat


You had 3 spell levels left.
You didn't know any spells.
Your spell library contained the following spells:

 Spells                   Type           Power        Failure   Level  Hunger
 Beastly Appendage        Tmut           #.....       43%         1    ##.....
 Sticks to Snakes         Tmut           #.......     56%         2    ###....
 Spider Form              Tmut/Pois      #.........   80%         3    ####...
 Ice Form                 Ice/Tmut       #.......     99%         4    #####..
 Blade Hands              Tmut           #.........   100%        5    ######.


Dungeon Overview and Level Annotations

Branches:
Dungeon (3/15)

Altars:

Annotations:
D:3 Grinder


Innate Abilities, Weirdness & Mutations

You are too large for most types of armour.
You have claws for hands.
Your metabolism is lightning-fast.
You like to eat raw meat.
Your natural rate of healing is unusually fast.
You are covered in fur. (AC +1)
You have extremely tough skin. (AC +3)
You are surrounded by a mild repulsion field. (EV +2)
You are partially covered in molten scales. (AC +2)
You are frail. (-10% HP)


Message History

Grinder is moderately wounded.
The rat bites you but does no damage. Grinder gestures at you.
You resist with significant effort.
Unknown command.
You barely miss Grinder.
Grinder is moderately wounded.
You feel sick. The kobold barely misses you. The rat barely misses you.
Grinder blinks!
Unknown command.
It was a potion of mutation.
You feel extremely strange.
Molten scales grow over part of your body.
You feel frail.
You begin to radiate repulsive energy.
The kobold hits you with a +0 club.
* * * LOW HITPOINT WARNING * * *
The rat closely misses you.
You feel sick. The rat barely misses you. Grinder hits you.
* * * LOW HITPOINT WARNING * * *
You writhe in agony.
You die...

#### ## #.. .#
######.###.###.#
###......5..ยง...#
#....(...(@K...#
#.#.....(.r#.#.(#
. #.#.......##.#
.# .
#.#..........# .
#.).......#### #
####.###...... #
#.# ####### # #.#
##+## # #.#
##...## #


You could see Grinder, a kobold and a rat.

Vanquished Creatures
  2 orc priests (D:3)
  A hound zombie (D:2)
  An ooze (D:2)
  2 worms (D:2)
  A dart slug (D:3)
  2 orcs (D:3)
  4 bats
  3 goblins
  5 hobgoblins
  3 quokkas (D:2)
  2 ball pythons (D:2)
  4 frilled lizards
  6 kobolds
  7 rats
43 creatures vanquished.

Notes
Turn   | Place    | Note
-------+----------+-------------------------------------------
     0 | D:1      | Mrkan the Troll Monk began the quest for the Orb.
     0 | D:1      | Reached XP level 1. HP: 22/22 MP: 0/0
   460 | D:1      | Reached XP level 2. HP: 28/29 MP: 1/1
   810 | D:2      | Reached XP level 3. HP: 36/36 MP: 2/2
   850 | D:2      | Reached skill level 4 in Unarmed Combat
  1216 | D:3      | Reached XP level 4. HP: 43/45 MP: 1/3
  1319 | D:3      | Noticed Grinder
  1323 | D:3      | Paralysed by Grinder for 4 turns
  1330 | D:3      | Gained mutation: You are partially covered in molten
                  | scales. (AC +2) [potion of mutation]
  1330 | D:3      | Gained mutation: You are frail. (-10% HP) [potion of
                  | mutation]
  1330 | D:3      | Gained mutation: You are surrounded by a mild repulsion
                  | field. (EV +2) [potion of mutation]
  1331 | D:3      | Slain by Grinder

Levels and vault maps discovered:
D:1:      saegor_arrival_simple_b, layout_basic
D:2:      layout_rooms
D:3:      layout_loops_corners, uniq_grinder

Skill      XL: |  1  2  3 |
---------------+----------+-----
Unarmed Combat | 4 |  4.9
Fighting       | 3 |  3.3
Dodging        | |  2.4
Stealth        | |  1.0

Action                   |  1- 3 |  4- 6 || total
-------------------------+-------+-------++-------
Melee: Unarmed           |   131 |    20 ||   151
       Punch             |     1 |       ||     1
  Use: Potion            |       |     1 ||     1
  Eat: Chunk             |    15 |     3 ||    18
Armor: Robe              |    60 |    19 ||    79
Dodge: Dodged            |    85 |    32 ||   117
